 Dungeon Crawl Stone Soup version 0.22.1-2-g9c5b331 (webtiles) character file.

265 Naeght the Basher (level 5, 0/42 HPs)
             Began as a Minotaur Gladiator on Nov 15, 2018.
             Slain by Eustachio the worm (7 damage)
             ... on level 4 of the Dungeon.
             The game lasted 00:09:00 (3352 turns).

Naeght the Basher (Minotaur Gladiator)              Turns: 3352, Time: 00:09:01

Health: 0/42       AC:  3    Str: 20    XL:     5   Next: 99%
Magic:  4/4        EV: 13    Int:  5    God:
Gold:   117        SH:  0    Dex: 11    Spells: 4/4 levels left

rFire    . . .     SeeInvis .   a - +0 flail
rCold    . . .     Gourm    .   (no shield)
rNeg     . . .     Faith    .   b - +0 leather armour
rPois    .         Spirit   .   c - +0 hat
rElec    .         Reflect  .   (no cloak)
rCorr    .         Harm     .   (no gloves)
MR       .....                  (no boots)
Stlth    +.........             (no amulet)
HPRegen  0.14/turn              (no ring)
MPRegen  0.09/turn              (no ring)

@: no status effects
A: retaliatory headbutt, horns 2
a: no special abilities


You were on level 4 of the Dungeon.
You were not hungry.

You visited 1 branch of the dungeon, and saw 4 of its levels.

You collected 117 gold pieces.

Inventory:

Hand Weapons
 a - a +0 flail (weapon)
 s - a +0 blowgun
Missiles
 d - 3 throwing nets (quivered)
 v - 17 poisoned needles
Armour
 b - a +0 leather armour (worn)
 c - a +0 hat (worn)
 o - a +0 pair of boots
Wands
 u - a wand of polymorph (14)
Scrolls
 e - 2 scrolls of fog {unknown}
 g - a scroll of blinking {unknown}
 h - a scroll of enchant weapon {unknown}
 j - 3 scrolls of remove curse {unknown}
 k - 3 scrolls of identify {unknown}
 p - a scroll of magic mapping {unknown}
Potions
 i - a potion of lignification {unknown}
 l - a potion of cancellation {unknown}
 m - a potion of curing {unknown}
 n - a potion of degeneration {unknown}
 q - a potion of might {unknown}
 r - 4 potions of magic {unknown}
 t - a potion of flight {unknown}
Comestibles
 f - 6 rations


   Skills:
 + Level 2.6 Fighting
 - Level 8.0 Maces & Flails
 - Level 2.0 Throwing
 + Level 0.4 Armour
 - Level 3.3 Dodging


You had 4 spell levels left.
You didn't know any spells.
Your spell library contained the following spells:

 Spells                   Type           Power        Failure   Level  Hunger
 Animate Skeleton         Necr           N/A          54%         1    ##.....
 Apportation              Tloc           #.....       54%         1    ##.....
 Confusing Touch          Hex            #.....       54%         1    ##.....
 Summon Small Mammal      Summ           #...         54%         1    ##.....


Dungeon Overview and Level Annotations

Branches:
Dungeon (4/15)
 Temple: D:4-7

Altars:
Fedhas
Nemelex Xobeh
Qazlal
Trog
Uskayaw

Annotations:
D:2 exclusion: oklob plant
D:4 Eustachio


Innate Abilities, Weirdness & Mutations

You reflexively headbutt those who attack you in melee.
You have a pair of horns on your head.


Message History

The ufetubus hits you. The ufetubus closely misses you.
You furiously retaliate!
You headbutt the ufetubus. The ufetubus misses you.
The ufetubus barely misses you. You furiously retaliate!
You headbutt the ufetubus!
You kill the ufetubus!
The iron imp hits you!
* * * LOW HITPOINT WARNING * * *
You hit the iron imp.
The iron imp is lightly wounded.
The iron imp misses you.
You closely miss the iron imp. You headbutt the iron imp.
The iron imp is heavily wounded.
The iron imp disappears in a puff of smoke!
Eustachio bites you.
* * * LOW HITPOINT WARNING * * *
You thump Eustachio! Your headbutt misses Eustachio.
Eustachio is heavily wounded.
Eustachio bites you!
You die...

#+######### ..........#
##### ..........# ...
..........# #.#
..........#####.########
........................
.>........w@............
..........#####.#.......
##..)..#### #.#.......
#..... #.#....... #.....
#.###...## #..... #.#
...# #..... #.# ..#
#..... #+# ..# ######


You could see Eustachio the worm.

Vanquished Creatures
  A gnoll shaman (D:2)
  Terence (D:3)
  An orc wizard (D:3)
  5 gnolls
  3 adders
  An ooze (D:2)
  2 worms (D:2)
  2 dart slugs
  3 leopard geckos
  5 orcs (D:3)
  11 bats
  4 giant cockroaches
  10 goblins
  7 hobgoblins
  8 jackals
  8 kobolds
  2 quokkas
  12 frilled lizards
  7 rats
  A plant (D:1)
94 creatures vanquished.

Notes
Turn   | Place    | Note
-------+----------+-------------------------------------------
     0 | D:1      | Naeght the Minotaur Gladiator began the quest for the Orb.
     0 | D:1      | Reached XP level 1. HP: 18/18 MP: 0/0
    51 | D:1      | Reached skill level 4 in Maces & Flails
    55 | D:1      | Reached XP level 2. HP: 14/25 MP: 1/1
   436 | D:1      | Reached skill level 5 in Maces & Flails
   800 | D:1      | Reached XP level 3. HP: 29/30 MP: 2/2
  1199 | D:2      | Noticed a hand axe
  1200 | D:2      | Found a hide-covered altar of Uskayaw.
  1200 | D:2      | Noticed a hand axe
  1362 | D:2      | Reached skill level 6 in Maces & Flails
  1362 | D:2      | Reached XP level 4. HP: 24/37 MP: 3/3
  1528 | D:2      | Found a blossoming altar of Fedhas.
  1547 | D:2      | Noticed an oklob plant
  1935 | D:3      | Found a stormy altar of Qazlal.
  1948 | D:3      | Noticed Terence
  1958 | D:3      | Killed Terence
  2000 | D:3      | Found a bloodstained altar of Trog.
  2226 | D:2      | Reached XP level 5. HP: 42/42 MP: 4/4
  2234 | D:2      | Reached skill level 7 in Maces & Flails
  2240 | D:2      | HP: 1/42 [gnoll shaman/whip (3)]
  2761 | D:3      | Found a sparkling altar of Nemelex Xobeh.
  2872 | D:3      | Reached skill level 8 in Maces & Flails
  3321 | D:4      | Noticed Eustachio
  3336 | D:4      | Noticed Eustachio
  3336 | D:4      | Eustachio changed into Eustachio the worm
  3352 | D:4      | Slain by Eustachio the worm

Skill      XL: |  1  2  3  4  5 |
---------------+----------------+-----
Maces & Flails | 4 5 6 8 |  8.0
Fighting       | |  2.6
Throwing       | |  2.0
Armour         | |  0.4
Dodging        | |  3.3

Action                   |  1- 3 |  4- 6 || total
-------------------------+-------+-------++-------
Melee: Flail             |   118 |   102 ||   220
       Headbutt          |    20 |    20 ||    40
 Fire: Blowgun           |       |     1 ||     1
Evoke: Wand              |       |     1 ||     1
  Use: Potion            |     1 |       ||     1
  Eat: Chunk             |     2 |     6 ||     8
Armor: Leather armour    |    45 |    18 ||    63
Dodge: Dodged            |    82 |    95 ||   177
